 Dungeon Crawl Stone Soup version 0.26.1 (webtiles) character file.

Game seed: 3425761019042216650

17521 Gadfly the Carver (level 12, 0/103 HPs)
             Began as a Palentonga Artificer on Feb 4, 2021.
             Was the Champion of Okawaru.
             Slain by a blink frog (12 damage)
             ... on level 2 of the Lair of Beasts.
             The game lasted 00:44:25 (18044 turns).

Gadfly the Carver (Palentonga Artificer)           Turns: 18044, Time: 00:44:26

Health: 0/103      AC: 19    Str: 19    XL:     12   Next: 19%
Magic:  17/17      EV: 12    Int: 15    God:    Okawaru [******]
Gold:   115        SH:  0    Dex: 12    Spells: 6/11 levels left

rFire    + + .     SeeInvis +   a - +1 demon blade (drain)
rCold    . . .     Faith    .   (no shield)
rNeg     + + .     Spirit   .   N - +2 ring mail of the Tanner {-Tele rF+ Int+3}
rPois    .         Reflect  .   k - +0 hat
rElec    .         Harm     .   p - +0 cloak
rCorr    .         Rampage  .   h - +1 pair of gloves
Will     .....     NoTele   +   (no barding)
Stlth    ..........             u - amulet of regeneration
HPRegen  0.67/turn              v - ring "Enulij" {+Inv rF+ rN+ SInv Stlth-}
MPRegen  0.15/turn              y - ring of positive energy

@: curled up
A: large, rugged brown scales 3, see invisible, deformed body, roll 1, armoured
tail, reflexive curl
a: Rolling Charge, Renounce Religion, Evoke Invisibility, Heroism, Finesse


You were on level 2 of the Lair of Beasts.
You worshipped Okawaru.
Okawaru was exalted by your worship.
You visited 3 branches of the dungeon, and saw 13 of its levels.
You also visited: Ossuary.

You collected 921 gold pieces.
You spent 806 gold pieces at shops.

Inventory:

Hand Weapons
 a - a +1 demon blade of draining (weapon)
 b - a +2 great sword of holy wrath
 L - a +2 antimagic rapier
Armour
 h - a +1 pair of gloves (worn)
 k - a +0 hat (worn)
 m - a scarf of resistance
 p - a +0 cloak (worn)
 H - a +0 ring mail
 N - the +2 ring mail of the Tanner (worn) {-Tele rF+ Int+3}
   (You bought it in a shop on level 5 of the Dungeon)

   It affects your intelligence (+3).
   It protects you from fire.
   It prevents most forms of teleportation.
 O - the +0 leather armour "Ridghuca" {Int+2 Slay+2}
   (You bought it in a shop on level 5 of the Dungeon)

   It affects your intelligence (+2).
   It affects your accuracy and damage with ranged weapons and melee attacks
   (+2).
Jewellery
 s - an uncursed ring of protection from cold
 u - an amulet of regeneration (around neck)
 v - the ring "Enulij" (left hand) {+Inv rF+ rN+ SInv Stlth-}
   (You found it in an ossuary)

   [ring of protection from fire]

   It protects you from fire.
   It protects you from negative energy.
   It lets you see invisible.
   It lets you turn invisible.
   It makes you less stealthy.
 y - a ring of positive energy (right hand)
Wands
 c - a wand of flame (11)
 d - a wand of enslavement (15)
 e - a wand of random effects (29)
 r - a wand of polymorph (17)
 C - a wand of paralysis (6)
 F - a wand of acid (23)
 J - a wand of disintegration (6)
Scrolls
 i - 6 scrolls of remove curse
 l - a scroll of enchant weapon
 q - 9 scrolls of teleportation
 x - 2 scrolls of blinking
 A - 5 scrolls of enchant armour
 E - 2 scrolls of magic mapping
 G - 2 scrolls of fog
 I - 2 scrolls of identify
Potions
 f - a potion of mutation
 g - 4 potions of flight
 n - 2 potions of cancellation
 o - a potion of resistance
 t - a potion of lignification
 w - a potion of attraction
 z - a potion of ambrosia
 B - a potion of berserk rage
 D - 2 potions of might
 K - a potion of haste


   Skills:
 + Level 6.9 Fighting
 * Level 9.8 Long Blades
 + Level 7.0 Armour
 + Level 7.8 Dodging
 - Level 0.5 Stealth
 + Level 7.8 Invocations
 + Level 8.1 Evocations


You had 6 spell levels left.
You knew the following spells:

 Your Spells              Type           Power        Failure   Level
a - Conjure Flame         Conj/Fire      0%           78%         3
b - Swiftness             Air            0%           54%         2

Your spell library contained the following spells:

 Spells                   Type           Power        Failure   Level
 Foxfire                  Conj/Fire      0%           41%         1
 Shock                    Conj/Air       0%           41%         1
 Inner Flame              Hex/Fire       0%           78%         3
 Static Discharge         Conj/Air       0%           78%         3
 Airstrike                Air            0%           99%         4
 Sticky Flame             Conj/Fire      0%           99%         4
 Fireball                 Conj/Fire      0%           100%        5
 Lightning Bolt           Conj/Air       0%           100%        5


Dungeon Overview and Level Annotations

Branches:
Dungeon (9/15)             Temple (1/1) D:5            Lair (3/6) D:9
    Orc (0/2) D:9         Ossuary (visited)
  Swamp: Lair:2-4    Shoals: Lair:2-4     Snake: Lair:2-4    Spider: Lair:2-4

Altars:
Ashenzari
Cheibriados
Dithmenos
Elyvilon
Fedhas
Gozag
Hepliaklqana
Kikubaaqudgha
Makhleb
Nemelex Xobeh
Okawaru
Qazlal
Ru
Sif Muna
Trog
Uskayaw
Vehumet
Wu Jian
Xom
Yredelemnul
Zin
The Shining One

Shops:
D:4 !=?:(   D:5 [   D:6 *

Annotations:
D:5 1 runed translucent door
D:6 2 transporters


Innate Abilities, Weirdness & Mutations

You are completely covered in rugged brown scales. (AC +3, +7% HP)
You have supernaturally acute eyesight. (SInv)
Armour fits poorly on your strangely shaped body.
You can roll at nearby foes to attack.
You have a long armoured tail.
You curl defensively after being hit.


Message History

Okay, then.
You cannot teleport because you are wearing the +2 ring mail of the Tanner {-Tele rF+ Int+3}.
You feel sick.
The blink frog blinks! x2
Okay, then.
You slash the blink frog!
The blink frog is heavily wounded.
The blink frog hits you!
* * * LOW HITPOINT WARNING * * *
The blink frog blinks!
Unknown command.
You feel better. The blink frog closely misses you.
The blink frog hits you but does no damage.
Aiming: Disintegrate
Press: ? - help, Shift-Dir - straight line, f - blink frog
Aim: a blink frog (heavily wounded, chance to affect: 76%)
The blink frog is blasted!!
You blow up the blink frog!
Okawaru accepts your kill. The blink frog hits you!
You die...

###P....+###...#...###.........#
# ##..#...........P# ##.#.#.####
##.....#....#..####......## ##
#...#.##.#.#..# #........###.
#...#......#..###............
##.#.+.#.#+.#...†.........##.#
#..#........#...##........####
##..+###....#'÷.###........#
#..........".F@.###........#
##.........>.#####.......(.#
##..........# #.........#
#.......>...# ##.(......##
##^.........# ###..####.#
#P.........F# #### ###
####.#.##.### #.######.# ### ###


You could see a blink frog.

Vanquished Creatures
  A great orb of eyes (Lair:1)
  Harold (D:7)
  3 elephants (Lair:2)
  5 cane toads
  4 komodo dragons
  A troll (D:9)
  The ghost of Dillybarz the Insei, an amateur DgTm (D:5)
  Prince Ribbit (D:6)
  5 dream sheep
  9 blink frogs
  13 yaks
  A wraith (D:7)
  A wyvern (D:9)
  2 shadows (D:9)
  A basilisk (D:8)
  2 water moccasins
  3 orc warriors
  2 eyes of draining (D:6)
  7 necrophages
  3 sky beasts
  2 black bears
  2 hornet zombies
  2 ice beasts
  4 ogres
  2 phantoms
  3 centaurs
  A big kobold (D:6)
  An elf zombie (D:8)
  7 bullfrogs
  3 wyvern zombies
  2 troll zombies (D:9)
  2 scorpions
  A wyvern skeleton (D:7)
  6 killer bees (D:9)
  7 wights
  4 howler monkeys
  A crimson imp (D:7)
  6 bullfrog zombies
  5 human zombies (D:8)
  6 centaur zombies
  2 quasits (D:7)
  4 centaur skeletons
  4 hounds
  3 jellies
  5 orc priests
  2 bullfrog skeletons
  4 iguanas
  2 hell rats
  7 orc wizards
  5 worker ants
  4 killer bee zombies
  5 ogre zombies
  2 hound zombies (Ossuary)
  15 mummies
  A hound skeleton (D:7)
  4 howler monkey zombies
  4 worker ant zombies
  11 gnolls
  13 adders
  A shadow imp (D:9)
  2 white imps
  2 ufetubi
  An ooze (D:2)
  4 adder zombies
  2 adder skeletons
  2 worms
  3 dart slugs
  9 leopard geckos
  21 orcs
  8 giant cockroaches
  11 goblins
  6 hobgoblins
  9 jackals
  7 kobolds
  3 quokkas
  A ball python (D:1)
  3 bats
  7 frilled lizards
  2 goblin skeletons (D:9)
  4 goblin zombies
  A hobgoblin skeleton (D:9)
  3 hobgoblin zombies (D:9)
  A leopard gecko zombie (Ossuary)
  4 orc skeletons (D:9)
  6 orc zombies (D:9)
  2 quokka zombies
  10 rats
365 creatures vanquished.

Vanquished Creatures (others)
  14 fungi
  13 plants
  9 withered plants
36 creatures vanquished.

Grand Total: 401 creatures vanquished

Notes
Turn   | Place    | Note
-------+----------+-------------------------------------------
     0 | D:1      | Gadfly the Palentonga Artificer began the quest for the
                  | Orb.
     0 | D:1      | Reached XP level 1. HP: 17/17 MP: 1/1
   272 | D:1      | Reached skill level 1 in Dodging
   484 | D:1      | Reached XP level 2. HP: 22/24 MP: 2/2
   684 | D:1      | Reached skill level 1 in Long Blades
   930 | D:1      | Reached XP level 3. HP: 29/29 MP: 3/3
  1558 | D:2      | Found an iron altar of Okawaru.
  1571 | D:2      | Found a bloodstained altar of Trog.
  1611 | D:2      | Became a worshipper of Warmaster Okawaru
  1682 | D:2      | Reached XP level 4. HP: 20/37 MP: 4/4
  1730 | D:2      | Noticed an ice beast
  1866 | D:2      | Killed an ice beast
  1867 | D:2      | Reached skill level 2 in Long Blades
  1867 | D:2      | Reached skill level 1 in Invocations
  1867 | D:2      | Reached XP level 5. HP: 16/43 MP: 5/5
  2070 | D:2      | Found a broken altar of Ashenzari.
  2717 | D:3      | Noticed a phantom
  3083 | D:3      | Killed a phantom
  3084 | D:3      | Reached XP level 6. HP: 19/51 MP: 7/7
  3721 | D:4      | Found Ubish's Antique Weapon Emporium.
  3726 | D:4      | Bought a scimitar for 124 gold pieces
  3795 | D:4      | Found a snail-covered altar of Cheibriados.
  3845 | D:4      | Found Tycom's Book Shop.
  3871 | D:4      | Found Jocs's Distillery.
  3878 | D:4      | Bought a potion of degeneration for 10 gold pieces
  4329 | D:4      | Reached skill level 3 in Long Blades
  4334 | D:4      | Reached * piety under Okawaru
  4599 | D:4      | Gained mutation: You curl defensively after being hit.
                  | [Palentonga growth]
  4599 | D:4      | Reached XP level 7. HP: 43/58 MP: 9/9
  5228 | D:4      | Found Yfach's Jewellery Emporium.
  5443 | D:4      | Found Disatocs's Magic Scroll Shop.
  5501 | D:5      | Entered Level 5 of the Dungeon
  5814 | D:5      | Found a blossoming altar of Fedhas.
  5885 | D:5      | Found a staircase to the Ecumenical Temple.
  5891 | Temple   | Entered the Ecumenical Temple
  6419 | D:5      | Reached ** piety under Okawaru
  6575 | D:5      | Reached skill level 4 in Long Blades
  6662 | D:5      | Found Gadimeni's Antique Armour Boutique.
  6734 | D:5      | Found a runed translucent door.
  6738 | D:5      | Noticed Dillybarz's ghost (amateur DgTm)
  6860 | D:5      | Found a stormy altar of Qazlal.
  6939 | D:5      | Found a runed translucent door.
  7267 | D:4      | Bought a potion of heal wounds for 50 gold pieces
  7474 | D:5      | Killed Dillybarz's ghost
  7475 | D:5      | Reached XP level 8. HP: 21/67 MP: 7/10
  7901 | D:6      | Found a transporter.
  7901 | D:6      | Found a transporter.
  7901 | D:6      | Noticed a two-headed ogre
  7917 | D:6      | Found a hide-covered altar of Uskayaw.
  7932 | D:6      | Noticed Prince Ribbit
  8173 | D:6      | Found a sand-covered staircase.
  8184 | Ossuary  | Entered an ossuary
  8389 | Ossuary  | Reached skill level 5 in Long Blades
  8461 | Ossuary  | Got a wavering lapis lazuli ring
  8519 | Ossuary  | Identified the ring "Enulij" {+Inv rF+ rN+ SInv Stlth-}
                  | (You found it in an ossuary)
  8733 | D:6      | Found Hezxoz's General Store.
  8985 | D:4      | Bought a potion of mutation for 80 gold pieces
  8985 | D:4      | Bought a potion of attraction for 30 gold pieces
  9376 | D:6      | Reached XP level 9. HP: 60/75 MP: 12/12
  9404 | D:6      | Found a white marble altar of Elyvilon.
  9412 | D:6      | Killed Prince Ribbit
  9412 | D:6      | Reached *** piety under Okawaru
  9600 | D:6      | Found a glowing golden altar of the Shining One.
  9628 | D:6      | Found an ornate altar of the Wu Jian Council.
  9789 | D:6      | Found a bloodstained altar of Trog.
  9800 | D:6      | Reached skill level 5 in Armour
 10005 | D:6      | Learned a level 3 spell: Conjure Flame
 10130 | D:7      | Reached skill level 5 in Invocations
 10216 | D:7      | Reached skill level 6 in Long Blades
 10216 | D:7      | Reached skill level 5 in Dodging
 10222 | D:7      | Received a gift from Okawaru
 10489 | D:7      | Found a blossoming altar of Fedhas.
 10511 | D:7      | Reached skill level 5 in Evocations
 10557 | D:7      | Reached **** piety under Okawaru
 10729 | D:7      | Noticed Harold
 10770 | D:7      | Killed Harold
 10771 | D:7      | Reached XP level 10. HP: 32/85 MP: 11/14
 11665 | D:8      | Reached skill level 7 in Long Blades
 11713 | D:7      | HP: 3/85 [wraith (5)]
 11954 | D:7      | Reached skill level 5 in Fighting
 12087 | D:8      | Reached ***** piety under Okawaru
 12601 | D:8      | Found an ancient bone altar of Kikubaaqudgha.
 12712 | D:9      | HP: 2/86 [hornet zombie (9)]
 13238 | D:9      | Found a staircase to the Orcish Mines.
 13404 | D:8      | HP: 4/86 [orc warrior/+0 dire flail (17)]
 13408 | D:8      | Reached skill level 8 in Long Blades
 13408 | D:8      | Reached XP level 11. HP: 6/94 MP: 15/15
 13876 | D:9      | Found a staircase to the Lair.
 14243 | D:9      | HP: 6/142 [killer bee (3)]
 14739 | Lair:1   | Entered Level 1 of the Lair of Beasts
 14819 | Lair:1   | You fall into a shaft and drop 1 floor!
 15153 | Lair:1   | Received a gift from Okawaru
 15317 | Lair:1   | Noticed a seven-headed hydra
 15319 | Lair:1   | Noticed a great orb of eyes
 15319 | Lair:1   | a seven-headed hydra changed into a great orb of eyes
 15338 | Lair:1   | Killed a great orb of eyes
 16240 | Lair:2   | Reached ****** piety under Okawaru
 16240 | Lair:2   | Received a gift from Okawaru
 16462 | Lair:2   | Learned a level 2 spell: Swiftness
 16548 | Lair:2   | Reached skill level 9 in Long Blades
 17290 | D:5      | Bought a bloodstained ring mail for 288 gold pieces
 17290 | D:5      | Bought a dazzling leather armour for 224 gold pieces
 17300 | D:5      | Identified the cursed +0 leather armour "Ridghuca" {Int+2
                  | Slay+2} (You bought it in a shop on level 5 of the Dungeon)
 17311 | D:5      | Identified the +2 ring mail of the Tanner {-Tele rF+ Int+3}
                  | (You bought it in a shop on level 5 of the Dungeon)
 17666 | Lair:2   | Reached XP level 12. HP: 46/103 MP: 17/17
 18042 | Lair:2   | HP: 4/103 [blink frog (10)]
 18044 | Lair:2   | Slain by a blink frog

Illustrated notes

Levels and vault maps discovered:
D:1:      ncdulo_watergridlock, layout_basic, minmay_crystal_room
D:2:      layout_rooms, grunt_temple_overflow_open,
          ashenzari_conservatory_becter, chequers_serial_rivers_large_b,
          grunt_ministairs_13
D:3:      layout_rooms
D:4:      layout_basic, lemuel_doored_altar, serial_shops,
          nicolae_shop_temple_entry_statues_fountains, kennysheep_mini,
          kennysheep_mini_moat, nicolae_shop_stone, shop_statue
D:5:      layout_cave_pools, marbit_many_paths,
          minmay_temple_entry_statues_fountains, basic_altar,
          ebering_ghost_reflecting_pool, serial_shops, shop,
          serial_bayou_pond_c, lightli_church_of_beogh
D:6:      layout_loops_ring, pdpol_wu_jian_five_deadly_venoms,
          nicolae_overflow_crystal_walls, gammafunk_temple_overflow_arena,
          enter_ossuary_4, basic_altar, serial_shops, nicolae_shop_behind_doors,
          trog_eyes_of_draining, uniq_prince_ribbit1
D:7:      layout_rooms, fedhas_altar_3, minmay_fire_ice_demons, uniq_harold
D:8:      layout_cave_pools, lemuel_mausoleum_altar_kikubaaqudgha
D:9:      layout_long_grid, david_lair_generic, zombieorc1_lemuel,
          serial_undead, serial_undead_a, serial_undead_a, serial_undead_e,
          serial_undead_b, serial_undead_c, serial_undead_d, serial_undead_c,
          serial_undead_a
Temple:   minmay_temple_bridge_abc
Lair:1:   layout_hall_layers
Lair:2:   layout_roguey, minivault_11
Lair:3:   layout_gridlike, grunt_megastairs_3

Skill      XL: |  1  2  3  4  5  6  7  8  9 10 11 12 |
---------------+-------------------------------------+-----
Dodging        | 1 2 3 4 5 6 7 |  7.8
Long Blades    | 1 2 3 4 5 6 8 9 |  9.8
Armour         | 2 3 4 5 6 7 |  7.0
Invocations    | 1 2 3 4 5 6 7 |  7.8
Evocations     | 3 4 5 6 7 8 |  8.1
Fighting       | 2 3 4 5 6 |  6.9
Stealth        | |  0.5

Action                   |  1- 3 |  4- 6 |  7- 9 | 10-12 || total
-------------------------+-------+-------+-------+-------++-------
Melee: Club              |   107 |       |       |       ||   107
       Tailslap          |     9 |    23 |    89 |   138 ||   259
       Spear             |    71 |    42 |       |       ||   113
       Flail             |       |    82 |       |       ||    82
       Scimitar          |       |    50 |   500 |   619 ||  1169
       Punch             |       |       |     2 |     5 ||     7
       Demon blade       |       |       |       |   211 ||   211
       Great sword       |       |       |       |     1 ||     1
Invok: Heroism           |       |       |     3 |     7 ||    10
 Abil: Rolling Charge    |    17 |    20 |    37 |    58 ||   132
Evoke: Wand              |     1 |     6 |       |    10 ||    17
  Use: Scroll            |     2 |     7 |    11 |     4 ||    24
       Potion            |       |       |     4 |    10 ||    14
 Stab: Sleeping          |     1 |       |       |       ||     1
       Paralysed         |       |       |       |     2 ||     2
Armor: Leather armour    |    86 |    64 |   200 |    25 ||   375
       Ring mail         |       |       |       |   358 ||   358
       Skin              |       |       |       |    85 ||    85
Dodge: Dodged            |   113 |    95 |   334 |   557 ||  1099
       Rpst.: Scimitar   |       |     2 |   100 |   128 ||   230
       Demon blade       |       |       |       |    36 ||    36
       Great sword       |       |       |       |     1 ||     1
